 Dungeon Crawl Stone Soup version 0.24-a0-235-g3f03afc (webtiles) character file.

Game seed: 436941219365405192

1906 technobutter the Spear-Bearer (level 9, -1/68 HPs)
             Began as a Merfolk Fighter on Apr 5, 2019.
             Slain by a basilisk (2 damage)
             ... on level 9 of the Dungeon.
             The game lasted 00:28:08 (6480 turns).

technobutter the Spear-Bearer (Merfolk Fighter)     Turns: 6480, Time: 00:28:08

Health: -1/68      AC: 17    Str: 28    XL:     9   Next: 16%
Magic:  9/9        EV:  8    Int:  7    God:
Gold:   339        SH: 12    Dex: 14    Spells: 8/8 levels left

rFire    . . .     SeeInvis .   a - +1 trident
rCold    . . .     Gourm    .   c - +1 shield
rNeg     . . .     Faith    .   m - +1 plate armour
rPois    +         Spirit   .   (no helmet)
rElec    .         Reflect  .   r - +2 cloak {rPois}
rCorr    .         Harm     .   (no gloves)
MR       .....                  h - +0 pair of boots
Stlth    ..........             (no amulet)
HPRegen  0.21/turn              l - +4 ring of strength
MPRegen  0.11/turn              (no ring)

@: mighty, about to teleport
A: change form in water, swift swim, stealthy swim
a: no special abilities


You were on level 9 of the Dungeon.
You were not hungry.

You visited 1 branch of the dungeon, and saw 9 of its levels.

You collected 339 gold pieces.

Inventory:

Hand Weapons
 a - a +1 trident (weapon)
Armour
 c - a +1 shield (worn)
 h - a +0 pair of boots (worn)
 m - a +1 plate armour (worn)
 r - a +2 cloak of poison resistance (worn)
Jewellery
 l - a +4 ring of strength (left hand)
Wands
 s - a wand of iceblast (10)
 u - a wand of polymorph (8)
Scrolls
 g - 7 scrolls of remove curse
 k - a scroll of teleportation
Potions
 e - 4 potions of curing
 i - 2 potions of heal wounds {unknown}
 j - a potion of resistance
 n - a potion of degeneration {unknown}
Comestibles
 f - 5 rations


   Skills:
 + Level 5.3 Fighting
 + Level 10.2 Polearms
 + Level 4.3 Armour
 + Level 4.6 Dodging
 + Level 2.3 Stealth
 + Level 6.0 Shields


You had 8 spell levels left.
You didn't know any spells.
Your spell library was empty.

Dungeon Overview and Level Annotations

Branches:
Dungeon (9/15)             Temple (0/1) D:6
   Lair: D:8-11         Orc: D:9-12

Altars:
Elyvilon
Fedhas
Okawaru
Ru
Wu Jian


Message History

The kobold hits you but does no damage. x3
The basilisk bites you but does no damage.
You turn to flesh and can move again.
As you read the scroll of teleportation, it crumbles to dust.
You feel strangely unstable.
The kobold hits you but does no damage. x3
You are electrocuted!
* * * LOW HITPOINT WARNING * * *
You block the big kobold's attack. The kobold hits you but does no damage.
You block the kobold's attack. x2; The basilisk bites you!
* * * LOW HITPOINT WARNING * * *
You feel very mighty all of a sudden.
You block the kobold's attack. x2; The kobold hits you but does no damage.
You block the kobold's attack. The big kobold hits you.
* * * LOW HITPOINT WARNING * * *
The kobold hits you but does no damage. x2; The basilisk closely misses you.
You closely miss the kobold. You block the kobold's attack. x2
The big kobold closely misses you. You block the kobold's attack.
The kobold barely misses you.
The kobold hits you but does no damage. x2
The basilisk bites you.
You die...

##########
#KKl§....#
#K@KK....#
#KKK§....#
#§.§§....#
#........#
#........+
#........#
#######+##


You could see a basilisk, a big kobold and 7 kobolds.

Vanquished Creatures
  A hippogriff (D:7)
  3 steam dragons
  A porcupine (D:8)
  A slave (D:6)
  2 ogres (D:6)
  2 phantoms
  3 centaurs
  2 scorpions
  2 crimson imps
  A howler monkey (D:5)
  A jelly (D:6)
  Crazy Yiuf (D:4)
  A hound (D:4)
  3 orc wizards
  4 worker ants
  2 hound skeletons
  2 howler monkey skeletons
  7 adders
  A shadow imp (D:6)
  An ooze (D:1)
  2 adder zombies (D:6)
  2 adder skeletons (D:6)
  5 worms
  5 leopard geckos
  8 orcs
  3 giant cockroaches
  7 hobgoblins
  10 jackals
  4 kobolds
  A quokka (D:5)
  A ball python (D:3)
  7 bats
  2 frilled lizards
  8 goblins
  8 rats
114 creatures vanquished.

Vanquished Creatures (others)
  A quokka (D:4)
1 creature vanquished.

Grand Total: 115 creatures vanquished

Notes
Turn   | Place    | Note
-------+----------+-------------------------------------------
     0 | D:1      | technobutter the Merfolk Fighter began the quest for the
                  | Orb.
     0 | D:1      | Reached XP level 1. HP: 18/18 MP: 1/1
    94 | D:1      | Reached XP level 2. HP: 14/24 MP: 2/2
   433 | D:2      | Reached skill level 1 in Stealth
   447 | D:2      | Reached XP level 3. HP: 27/29 MP: 3/3
   499 | D:2      | Found an iron altar of Okawaru.
   784 | D:2      | Reached XP level 4. HP: 33/36 MP: 4/4
   907 | D:2      | Reached skill level 1 in Dodging
  2481 | D:2      | Reached skill level 4 in Polearms
  2481 | D:2      | Reached XP level 5. HP: 42/42 MP: 5/5
  2817 | D:5      | Entered Level 5 of the Dungeon
  3095 | D:5      | Reached XP level 6. HP: 48/48 MP: 6/6
  3238 | D:4      | Reached skill level 5 in Polearms
  3277 | D:4      | Found a runed translucent door.
  3278 | D:4      | Noticed Crazy Yiuf
  3291 | D:4      | Killed Crazy Yiuf
  3730 | D:4      | Found a white marble altar of Elyvilon.
  3858 | D:4      | Noticed a phantom
  3887 | D:4      | Killed a phantom
  3887 | D:4      | Reached skill level 6 in Polearms
  3887 | D:4      | Reached XP level 7. HP: 52/54 MP: 7/7
  4380 | D:6      | Found a staircase to the Ecumenical Temple.
  4504 | D:6      | Found a blossoming altar of Fedhas.
  4521 | D:6      | Reached skill level 7 in Polearms
  4859 | D:6      | Reached skill level 8 in Polearms
  4859 | D:6      | Reached XP level 8. HP: 52/61 MP: 8/8
  5023 | D:6      | Found a sacrificial altar of Ru.
  5076 | D:6      | Reached skill level 5 in Shields
  5570 | D:6      | Reached skill level 9 in Polearms
  5959 | D:7      | Reached skill level 5 in Fighting
  6002 | D:7      | Noticed a hippogriff
  6004 | D:7      | Found an ornate altar of the Wu Jian Council.
  6021 | D:7      | Killed a hippogriff
  6021 | D:7      | Reached XP level 9. HP: 34/68 MP: 9/9
  6319 | D:6      | Reached skill level 10 in Polearms
  6357 | D:6      | You fall through a shaft for 2 floors!
  6479 | D:9      | HP: 1/68 [big kobold (4)]
  6480 | D:9      | Slain by a basilisk

Levels and vault maps discovered:
D:1:      dpeg_arrival_water_fire, layout_basic
D:2:      layout_basic, okawaru_ov_weapons_minmay
D:3:      layout_basic
D:4:      layout_loops_ring, elyvilon_altar_4, serial_glass, glass_columns_b,
          glass_columns_a, glass_columns_b, glass_columns_b, glass_columns_b,
          glass_columns_b, glass_columns_a, glass_columns_c, glass_columns_c,
          glass_columns_b, minmay_strange_pillars, due_unseen_surprise,
          feat_on_display, uniq_crazy_yiuf_cottage
D:5:      layout_loops_ring, first_ration
D:6:      layout_loops_ring, nicolae_ru_awakened_eye, old_standard_altar,
          minmay_temple_entry_glass
D:7:      cheibrodos_steamvent, layout_cave_pools, overflow_temple_1_default,
          uniq_duvessa, uniq_pikel
D:8:      layout_basic, minmay_lair_entry_grove, serial_shops, shop
D:9:      layout_roguey, kennysheep_little_box, erik_orc_2, hangedman_fish_farm

Skill      XL: |  1  2  3  4  5  6  7  8  9 |
---------------+----------------------------+-----
Stealth        | 1 2 |  2.3
Dodging        | 1 2 3 4 |  4.6
Polearms       | 4 6 8 9 10 | 10.2
Armour         | 3 4 |  4.3
Shields        | 4 5 6 |  6.0
Fighting       | 4 5 |  5.3

Action                   |  1- 3 |  4- 6 |  7- 9 || total
-------------------------+-------+-------+-------++-------
Melee: Trident           |    98 |   186 |   304 ||   588
  Use: Scroll            |     2 |     7 |     8 ||    17
       Potion            |       |     1 |     1 ||     2
  Eat: Ration            |       |     3 |     3 ||     6
Armor: Scale mail        |    42 |    89 |   102 ||   233
       Plate armour      |       |       |    51 ||    51
Dodge: Dodged            |    28 |    65 |    96 ||   189
Block: Shield            |    50 |   125 |   157 ||   332

Table legend:
 A = Non-vault XP
 B = Vault XP
 C = Vault XP percentage of total XP
 D = Non-vault monster count
 E = Vault monster count
 F = Vault count percentage of total count
                 A         B        C        D         E       F
            +---------+---------+-------+---------+---------+-------
      Total |    1995 |     728 |  26.7 |     108 |       5 |   4.4
            +---------+---------+-------+---------+---------+-------
        D:1 |      19 |       0 |   0.0 |       9 |       0 |   0.0
        D:2 |     110 |       0 |   0.0 |      23 |       0 |   0.0
        D:3 |      42 |       0 |   0.0 |      22 |       0 |   0.0
        D:4 |     389 |      40 |   9.3 |      14 |       1 |   6.7
        D:5 |     177 |       0 |   0.0 |      10 |       0 |   0.0
        D:6 |     819 |     181 |  18.1 |      25 |       1 |   3.8
        D:7 |     424 |     364 |  46.2 |       4 |       2 |  33.3
        D:8 |      15 |     143 |  90.5 |       1 |       1 |  50.0
            +---------+---------+-------+---------+---------+-------
